 Dungeon Crawl Stone Soup version 0.20.1-1-g8b1a95d (webtiles) character file.

605 vineage the Cleaver (level 7, -1/57 HPs)
             Began as a Minotaur Fighter on Nov 4, 2017.
             Splashed by a jelly's acid (8 damage)
             ... on level 5 of the Dungeon.
             The game lasted 00:04:15 (3157 turns).

vineage the Cleaver (Minotaur Fighter)              Turns: 3157, Time: 00:04:16

Health: -1/57      AC: -1    Str: 22    XL:     7   Next: 19%
Magic:  6/6        EV:  7    Int:  5    God:
Gold:   193        SH:  9    Dex: 10    Spells: 6/6 levels left

rFire    . . .     SeeInvis .   a - +1 war axe
rCold    . . .     Gourm    .   c - +0 shield
rNeg     . . .     Faith    .   b - +0 scale mail
rPois    .         Spirit   .   (helmet restricted)
rElec    .         Reflect  .   (no cloak)
rCorr    .         Harm     .   (no gloves)
MR       .....                  (no boots)
Stlth    ..........             (no amulet)
Regen    0.2/turn               (no ring)
MPRegen  0.1/turn               (no ring)

@: corroded, heavily drained
A: retaliatory headbutt, horns 2
a: no special abilities


You were on level 5 of the Dungeon.
You were not hungry.

You visited 1 branch of the dungeon, and saw 5 of its levels.

You collected 193 gold pieces.

Inventory:

Hand Weapons
 a - a +1 war axe (weapon)
Armour
 b - a +0 scale mail (worn)
 c - a +0 shield (worn)
Wands
 e - a wand of polymorph (20/24)
Potions
 i - 2 potions of cancellation {unknown}
 l - a potion of curing {unknown}
 m - 2 potions of flight
 r - 2 potions of degeneration {unknown}
Books
 d - a book of Minor Magic

   Spells                             Type                      Level
   a - Magic Dart                     Conjuration                  1
   b - Blink                          Translocation                2
   c - Call Imp                       Summoning                    2
   d - Slow                           Hexes                        2
   e - Conjure Flame                  Conjuration/Fire             3
   f - Mephitic Cloud                 Conjuration/Poison/Air       3
Comestibles
 f - 3 bread rations
 g - a meat ration
 p - a royal jelly
 t - 4 fruits


   Skills:
 - Level 3.6(2.4) Fighting
 + Level 9.6(8.2) Axes
 - Level 3.6(2.4) Armour
 - Level 3.6(2.4) Shields


You had 6 spell levels left.
You didn't know any spells.

Dungeon Overview and Level Annotations

Branches:
Dungeon (5/15)
 Temple: D:4-7

Altars:
Cheibriados
Dithmenos
Hepliaklqana
Nemelex Xobeh
Zin

Shops:
D:5 *


Innate Abilities, Weirdness & Mutations

You reflexively headbutt those who attack you in melee.
You have a pair of horns on your head.


Message History

You are too injured to fight recklessly!
You are too injured to fight recklessly!
You are too injured to fight recklessly!
You are too injured to fight recklessly!
You are too injured to fight recklessly!
You are too injured to fight recklessly!
You are too injured to fight recklessly!
You are too injured to fight recklessly!
You are too injured to fight recklessly!
You are too injured to fight recklessly!
You barely miss the ogre.
You headbutt the ogre, but do no damage.
The ogre is heavily wounded.
You hit the jelly but do no damage. The acid corrodes you!
Your hands burn!
The jelly closely misses you. The ogre hits you with a giant club!
* * * LOW HITPOINT WARNING * * *
The jelly hits you.
* * * LOW HITPOINT WARNING * * *
You are splashed with acid!
The acid burns!
You die...

***** ###########****
,,,,##########...J.....$,,,**
***,.<......##..@O.##**,***,****
##########.............* *,,,,*
##...........#.....####.***,**,*
.#.########..#..>..# **,*,***,*
.#.## #..###.### *,,,***,**
....#######..# #.# *,∩,*,,,,,
..^..........#*#.# *,,,,,*,**
.#..#######...,..#******,****,,,,
##....##.......,,,,,,,,,,* *,***


You could see an ogre and a jelly.

Vanquished Creatures
  An ogre (D:4)
  4 hounds
  An orc priest (D:4)
  3 orc wizards
  2 worker ants (D:4)
  3 gnolls (D:3)
  9 adders
  2 oozes
  3 dart slugs
  5 worms
  2 leopard geckos (D:3)
  9 orcs
  13 bats
  7 giant cockroaches
  10 goblins
  5 hobgoblins
  10 jackals
  5 kobolds
  A quokka (D:3)
  2 ball pythons
  5 frilled lizards
  9 rats
111 creatures vanquished.

Notes
Turn   | Place    | Note
-------+----------+-------------------------------------------
     0 | D:1      | vineage the Minotaur Fighter began the quest for the Orb.
     0 | D:1      | Reached XP level 1. HP: 19/19 MP: 0/0
    98 | D:1      | Reached skill level 3 in Axes
   141 | D:1      | Reached XP level 2. HP: 26/26 MP: 1/1
   391 | D:1      | Reached skill level 4 in Axes
   698 | D:2      | Reached XP level 3. HP: 31/31 MP: 2/2
  1029 | D:2      | Found a snail-covered altar of Cheibriados.
  1052 | D:2      | Reached skill level 5 in Axes
  1090 | D:2      | Reached XP level 4. HP: 28/39 MP: 3/3
  1267 | D:2      | Found a shadowy altar of Dithmenos.
  1739 | D:3      | Reached skill level 6 in Axes
  1744 | D:3      | Reached XP level 5. HP: 14/45 MP: 4/4
  2333 | D:4      | Reached skill level 7 in Axes
  2355 | D:4      | Noticed an ogre
  2367 | D:4      | Killed an ogre
  2367 | D:4      | Reached XP level 6. HP: 34/51 MP: 5/5
  2587 | D:4      | Reached skill level 8 in Axes
  2716 | D:4      | Found a sparkling altar of Nemelex Xobeh.
  2885 | D:4      | Reached skill level 9 in Axes
  2988 | D:5      | Entered Level 5 of the Dungeon
  3016 | D:5      | Reached XP level 7. HP: 50/57 MP: 6/6
  3097 | D:5      | Found Zin's Purification Station.
  3098 | D:5      | Found a hazy altar of Hepliaklqana.
  3100 | D:5      | Found a glowing silver altar of Zin.
  3157 | D:5      | Splashed by a jelly's acid

Skill      XL: |  1  2  3  4  5  6 |
---------------+-------------------+-----
Axes           | 3 4 5 6 7 9 |  9.6
Fighting       | |  3.6
Armour         | |  3.6
Shields        | |  3.6

Action                   |  1- 3 |  4- 6 |  7- 9 || total
-------------------------+-------+-------+-------++-------
Melee: War axe           |    96 |   134 |    17 ||   247
       Headbutt          |    14 |    21 |     5 ||    40
  Use: Potion            |       |     1 |       ||     1
       Scroll            |       |     8 |       ||     8
  Eat: Chunk             |       |     6 |     2 ||     8
Armor: Scale mail        |    54 |    51 |     2 ||   107
Dodge: Dodged            |    26 |    39 |     4 ||    69
Block: Shield            |    55 |    64 |    12 ||   131
